cohdb
Replays
Latest Replays
All Replays
Popular Replays
Top Player Replays
Match Explorer
How It Works
Community
CoH3 Stats
Reddit
Sign in to upload your games and track your stats! →
Sign in with Steam
Match 42268305
Unlisted
Match 42268305
Overview
Messages
Build Orders
End
Construct Barracks
Riflemen Squad
Riflemen Squad
Construct Weapon Support Center
Selects Heavy Weapons
M1919 Machine Gun Team
Selects M2HB .50cal Heavy Machine Gun
Construct Medical Station
Riflemen Squad
Infantry Support Center
M1918 Browning Automatic Rifles
Selects Assault Carriers
Grenade Package
M3 Assault Carrier
Bazooka Squad
Construct Motor Pool
Selects Exchangeable Parts
M1 Anti-tank Gun Team
Riflemen Squad
Construct Tank Depot
M4A1 Sherman Medium Tank
Munitions Surplus
Engineer Squad
M4A1 Sherman Medium Tank
Rhombus
Jackie Daytona
BIOHAZARD
Gorgolo
0
0
Comments
sign in to comment!
No comments posted yet!